 Dungeon Crawl Stone Soup version 0.30.0-29-ga12c61a403 (webtiles) character file.

Game seed: 2083739462834008138

12395 H0rd4k the Poker (level 12, -1/80 HPs)
             Began as a Human Artificer on June 14, 2023.
             Was an Initiate of Gozag.
             Slain by a basilisk (4 damage)
             ... while petrified by a basilisk
             ... on level 1 of the Lair of Beasts on June 15, 2023.
             The game lasted 00:24:35 (13319 turns).

H0rd4k the Poker (Human Artificer)                 Turns: 13319, Time: 00:24:36

Health: -1/80      AC:  6    Str: 13    XL:     12   Next: 19%
Magic:  0/21       EV:  2    Int: 24    God:    Gozag
Gold:   1860       SH:  0    Dex: 16    Spells: 23/23 levels left

rFire   . . .        H - +3 demon trident (venom)
rCold   + . .        (no shield)
rNeg    + + +        O - +1 leather armour of Amorality {rC+ Int+4 Dex+3 Stlth+}
rPois   ∞            K - +2 hat
rElec   .            (no cloak)
rCorr   .            (no gloves)
SInv    .            (no boots)
Will    .....        B - amulet of guardian spirit
Stlth   ++++         S - ring "Oczim" {Fly rPois Int+3}
HPRegen 0.33/turn    E - +4 ring of slaying
MPRegen 0.17/turn

%: guardian spirit
@: petrified, flying, studying Fighting
A: large bone plates 1, frail 1
a: Renounce Religion, Potion Petition, Call Merchant, Bribe Branch


You were on level 1 of the Lair of Beasts.
You worshipped Gozag.
Gozag was most pleased with you.
You visited 2 branches of the dungeon, and saw 12 of its levels.
You also visited: Sewer.

You collected 2441 gold pieces.
You spent 539 gold pieces at shops.
You paid 42 gold pieces to Gozag.

Inventory:

Hand Weapons
 m - the +5 trident "Ogre's Doom" {antimagic, rPois Int+2 Dex+3}
   (You found it on level 9 of the Dungeon)

   Int:       It affects your intelligence (+2).
   Dex:       It affects your dexterity (+3).
   rPois:     It protects you from poison.
 o - a +1 dagger of venom
 q - a +3 sling of freezing
 H - a +3 demon trident of venom (weapon)
 L - a +4 halberd
Missiles
 w - 8 curare-tipped darts
 y - 15 poisoned darts
 I - 4 throwing nets
Armour
 K - a +2 hat (worn)
 O - the +1 leather armour of Amorality (worn) {rC+ Int+4 Dex+3 Stlth+}
   (You bought it in a shop on level 9 of the Dungeon)

   Int:       It affects your intelligence (+4).
   Dex:       It affects your dexterity (+3).
   rC:        It protects you from cold.
   Stlth:     It makes you more stealthy.
Magical Staves
 a - a staff of air
 P - a staff of earth
 R - the staff of poison "Notikh" {rPois Dex+6}
   (You found it on level 9 of the Dungeon)

   [staff of poison]

   Base accuracy: +5 Base damage: 5 Base attack delay: 1.2 This weapon's minimum
   attack delay (0.6) is reached at skill level 12.
   Dex:       It affects your dexterity (+6).
   rPois:     It protects you from poison.
   It falls into the 'Staves' category.
   It is a one-handed weapon.
Jewellery
 h - a +4 ring of protection
 l - a ring of ice
 B - an amulet of guardian spirit (around neck)
 D - a +6 ring of dexterity
 E - a +4 ring of slaying (right hand)
 F - a +5 ring of evasion
 S - the ring "Oczim" (left hand) {Fly rPois Int+3}
   (You found it on level 10 of the Dungeon)

   [ring of flight]

   Int:       It affects your intelligence (+3).
   rPois:     It protects you from poison.
   Fly:       It grants you flight.
Wands
 c - a wand of flame (11) (quivered)
 d - a wand of charming (16)
 e - a wand of iceblast (10)
 i - a wand of mindburst (6)
 G - a wand of acid (3)
Scrolls
 b - 2 scrolls of identify
 f - 3 scrolls of vulnerability
 g - 2 scrolls of blinking
 j - 4 scrolls of noise
 k - a scroll of poison
 n - 7 scrolls of teleportation
 x - 4 scrolls of amnesia
 J - a scroll of fog
 M - a scroll of magic mapping
 N - a scroll of silence
Potions
 p - 2 potions of mutation
 r - 4 potions of flight
 s - 2 potions of heal wounds
 t - 2 potions of lignification
 v - a potion of curing
 A - a potion of invisibility {unknown}
 C - a potion of cancellation {unknown}
 Q - a potion of degeneration {unknown}


   Skills:
 - Level 6.7 Fighting
 + Level 4.9 Short Blades
 - Level 2.2 Maces & Flails
 - Level 7.6 Polearms
 + Level 4.1 Ranged Weapons
 + Level 1.9 Throwing
 - Level 2.0 Armour
 - Level 7.3 Dodging
 + Level 6.9 Stealth
 - Level 3.1 Shields
 * Level 6.1 Spellcasting
 + Level 7.0 Evocations


You had 23 spell levels left.
You didn't know any spells.
Your spell library contained the following spells:

 Spells                   Type           Power      Damage    Failure   Level
 Cigotuvi's Dreadful Rot  Necr/Pois/Air  14%        N/A       16%         2
 Sublimation of Blood     Necr           7%         N/A       16%         2
 Dazzling Flash           Conj/Hex       14%        N/A       30%         3
 Ignite Poison            Fire/Tmut/Pois 7%         N/A       30%         3
 Volatile Blastmotes      Fire/Tloc      14%        2d11      30%         3
 Anguish                  Hex/Necr       3%         N/A       69%         4
 Cause Fear               Hex            3%         N/A       69%         4
 Iskenderun's Mystic Bla  Conj/Tloc      7%         2d4       69%         4
 Leda's Liquefaction      Hex/Erth       3%         N/A       69%         4
 Petrify                  Tmut/Erth      7%         N/A       69%         4
 Freezing Cloud           Conj/Ice/Air   3%         6-21      95%         5
 Irradiate                Conj/Tmut      3%         3d12      95%         5
 Lee's Rapid Deconstruct  Erth           3%         3d5*      95%         5
 Starburst                Conj/Fire      3%         6d3       100%        6
 Statue Form              Tmut/Erth      4%         N/A       100%        6
 Enfeeble                 Hex            3%         N/A       100%        7


Dungeon Overview and Level Annotations

Branches:
Dungeon (11/15)            Temple (0/1) D:4            Lair (1/5) D:10
    Orc (0/2) D:9           Sewer (visited)

Altars:
Ashenzari
Cheibriados
Fedhas
Gozag
Hepliaklqana
Makhleb
Nemelex Xobeh
Qazlal
Ru
Uskayaw
Vehumet
Xom
Yredelemnul
The Shining One

Shops:
D:9 [(

Annotations:
D:5 exclusion: downstairs
D:6 exclusion: downstairs
D:7 Joseph
D:9 3 runed translucent doors, exclusions: Harold and 3 doors, Tinylith's ghost, novice DsFi
D:10 Snorg
D:11 exclusions: ugly thing and upstairs
Lair:1 2 transporters, crompyre's ghost, journeyman OgHu


Innate Abilities, Weirdness & Mutations

You are partially covered in large bone plates. (SH +4)
You are frail. (-10% HP)


Message History

The cane toad is severely wounded.
The cane toad stings you!!
* * * LOW HITPOINT WARNING * * *
You feel much better.
You miss the basilisk. The cane toad misses you. The basilisk misses you.
You hit the cane toad but do no damage.
The cane toad is severely wounded.
The cane toad stings you!! The basilisk gazes at you.
You are slowing down.
The cane toad barely misses you.
You hit the cane toad but do no damage.
The cane toad looks even sicker.
The cane toad is severely wounded.
The basilisk gazes at you. You resist with some effort.
You block the cane toad's attack.
The bullfrog swells and bulges.
Your limbs are stiffening.
You hit the cane toad.
The cane toad is severely wounded.
You block the basilisk's attack.
The cane toad stings you but does no damage.
The cane toad stings you! The basilisk bites you.
You have turned to stone.
The cane toad stings you. The basilisk bites you.
* * * LOW HITPOINT WARNING * * *
The cane toad stings you!
* * * LOW HITPOINT WARNING * * *
The basilisk bites you.
* * * LOW HITPOINT WARNING * * *
The cane toad stings you!
* * * LOW HITPOINT WARNING * * *
The basilisk bites you.
* * * LOW HITPOINT WARNING * * *
The cane toad stings you!!
* * * LOW HITPOINT WARNING * * *
The basilisk bites you but does no damage.
The cane toad stings you!
* * * LOW HITPOINT WARNING * * *
The basilisk bites you!
You die...
Your body crumbles into a pile of gold.

##.........
.......... ##
##......... ###.
#P......... ###...
#...# ##.....
##..# ##......
###..# ##.......
##...###
###........
#...Fl@###
##..........
######F..#
#...........
##..####..........
##......>.....>..
#................
#.................
##...............#
#..............##
#.............##8


You could see a cane toad (very poisoned), a basilisk and a bullfrog.

Vanquished Creatures
  Harold (D:9)
  A death knight (D:10)
  A two-headed ogre (D:10)
  An ugly thing (D:10)
  An oklob plant (D:10)
  2 unseen horrors
  2 hornets
  2 shadows
  A vampire mosquito (D:10)
  4 steam dragons
  11 yaks
  An acid dragon (D:9)
  4 water moccasins
  3 orc warriors
  2 sky beasts (D:7)
  2 ogres (D:5)
  2 ice beasts (D:6)
  4 black bears
  4 centaurs
  5 kobold brigands
  2 bullfrogs
  2 gnoll sergeants (D:10)
  12 wights
  18 killer bees
  2 howler monkeys (D:9)
  2 jellies (D:6)
  4 orc priests (D:7)
  2 gnoll boudas (D:8)
  6 hounds
  3 iguanas
  4 orc wizards
  12 gnolls
  5 adders
  2 shadow imps (D:7)
  3 white imps
  3 ufetubi
  A worm (D:2)
  2 dart slugs
  14 orcs
  7 ball pythons
  8 endoplasms
  3 giant cockroaches
  3 goblins
  9 hobgoblins
  27 kobolds
  6 quokkas
  4 bats
  3 frilled lizards
  13 rats
236 creatures vanquished.

Vanquished Creatures (collateral kills)
  A two-headed ogre (D:10)
  Pikel (D:6)
  2 orc warriors (D:10)
  A centaur (D:9)
  A wight (D:10)
  An orc wizard (D:10)
  A white imp (D:7)
  9 orcs
17 creatures vanquished.

Vanquished Creatures (others)
  A troll (D:9)
  A water moccasin (D:6)
  3 killer bees (D:10)
  3 orc wizards
8 creatures vanquished.

Grand Total: 261 creatures vanquished

Notes
Turn   | Place    | Note
-------+----------+-------------------------------------------
     0 | D:1      | H0rd4k the Human Artificer began the quest for the Orb.
     0 | D:1      | Reached XP level 1. HP: 15/15 MP: 1/1
   156 | D:1      | Reached XP level 2. HP: 12/21 MP: 2/2
   755 | D:1      | Reached XP level 3. HP: 12/26 MP: 3/3
   817 | D:1      | Found a faded altar of an unknown god.
  1463 | D:2      | Reached skill level 1 in Maces & Flails
  1653 | D:2      | You fall into a shaft and drop 1 floor!
  1653 | D:3      | Found a burning altar of Makhleb.
  1653 | D:3      | Found a hide-covered altar of Uskayaw.
  1653 | D:3      | Found a shimmering altar of Xom.
  1655 | D:3      | Found a broken altar of Ashenzari.
  1691 | D:3      | Found a sacrificial altar of Ru.
  1691 | D:3      | Found an opulent altar of Gozag.
  1700 | D:3      | Became a worshipper of Gozag Ym Sagoz the Greedy
  1742 | D:3      | Reached XP level 4. HP: 28/32 MP: 4/4
  2554 | D:3      | Found a basalt altar of Yredelemnul.
  3286 | D:4      | Found a staircase to the Ecumenical Temple.
  3529 | D:4      | Reached XP level 5. HP: 33/37 MP: 5/5
  3948 | D:5      | Entered Level 5 of the Dungeon
  3962 | D:5      | Found a glowing golden altar of the Shining One.
  4066 | D:5      | Noticed an ogre
  4073 | D:5      | Killed an ogre
  4074 | D:5      | Reached XP level 6. HP: 44/44 MP: 6/6
  4090 | D:5      | Noticed an ogre
  4096 | D:5      | Killed an ogre
  4128 | D:5      | Found a glowing drain.
  4145 | Sewer    | Entered a sewer
  4220 | Sewer    | Reached XP level 7. HP: 36/51 MP: 7/7
  4387 | Sewer    | Reached skill level 1 in Throwing
  4689 | Sewer    | Gained mutation: You have hidden genetic potential. [potion
                  | of mutation]
  4689 | Sewer    | Gained mutation: You are frail. (-10% HP) [potion of
                  | mutation]
  4689 | Sewer    | Lost mutation: You have hidden genetic potential. [potion
                  | of mutation]
  4689 | Sewer    | Gained mutation: You are partially covered in large bone
                  | plates. (SH +4) [potion of mutation]
  5222 | D:5      | Reached skill level 1 in Short Blades
  5222 | D:5      | Reached XP level 8. HP: 28/52 MP: 8/8
  5904 | D:6      | Reached skill level 5 in Dodging
  5904 | D:6      | Reached skill level 1 in Shields
  6463 | D:6      | Reached XP level 9. HP: 26/59 MP: 3/9
  6668 | D:6      | Noticed Pikel
  6684 | D:6      | Killed Pikel
  6957 | D:7      | Reached skill level 5 in Fighting
  6987 | D:7      | Reached skill level 5 in Evocations
  7197 | D:7      | Reached skill level 1 in Ranged Weapons
  7829 | D:7      | Reached XP level 10. HP: 57/66 MP: 7/10
  7876 | D:7      | Noticed Joseph
  7984 | D:7      | Reached skill level 1 in Polearms
  8340 | D:7      | Reached skill level 5 in Stealth
  9135 | D:8      | Reached skill level 5 in Polearms
  9288 | D:8      | Found a hazy altar of Hepliaklqana.
  9585 | D:9      | Identified the +5 trident "Ogre's Doom" {antimagic, rPois
                  | Int+2 Dex+3}
  9618 | D:9      | Noticed Harold
  9658 | D:9      | Found Riodon's Armour Shop.
  9660 | D:9      | Found a staircase to the Orcish Mines.
  9762 | D:9      | Reached XP level 11. HP: 69/73 MP: 12/12
  9791 | D:9      | Reached skill level 1 in Spellcasting
  9937 | D:9      | Found a runed translucent gate.
  9937 | D:9      | Found a runed translucent gate.
  9937 | D:9      | Found a runed translucent gate.
  9944 | D:9      | Noticed Tinylith's ghost (novice DsFi)
 10209 | D:9      | Found Zekleocw's Antique Weapon Shop.
 10269 | D:9      | Found a stormy altar of Qazlal.
 10444 | D:9      | Identified the staff of poison "Notikh" {rPois Dex+6}
 10466 | D:9      | Killed Harold
 10709 | D:9      | Bought the +1 leather armour of Amorality {rC+ Int+4 Dex+3
                  | Stlth+} for 539 gold pieces
 10756 | D:10     | Entered Level 10 of the Dungeon
 10757 | D:10     | Found a radiant altar of Vehumet.
 10763 | D:10     | Found a staircase to the Lair.
 10774 | D:10     | Found a sparkling altar of Nemelex Xobeh.
 11049 | D:10     | Noticed a death knight
 11165 | D:10     | Noticed a cyan ugly thing
 11174 | D:10     | Noticed a two-headed ogre
 11185 | D:10     | Killed a two-headed ogre
 11240 | D:10     | Noticed a two-headed ogre
 11462 | D:11     | Noticed a brown ugly thing
 11511 | D:11     | Noticed a manticore
 11680 | D:11     | Noticed a skeletal warrior
 11680 | D:11     | Noticed a skeletal warrior
 12047 | D:10     | Killed a two-headed ogre
 12048 | D:10     | Reached skill level 5 in Spellcasting
 12061 | D:10     | Identified the ring "Oczim" {Fly rPois Int+3}
 12073 | D:10     | Identified a scroll of acquirement
 12073 | D:10     | Acquired a manual of Fighting
 12088 | D:10     | Noticed Snorg
 12236 | D:10     | Found a snail-covered altar of Cheibriados.
 12300 | D:10     | Found a blossoming altar of Fedhas.
 12328 | D:10     | Noticed an oklob plant
 12349 | D:10     | Killed an oklob plant
 12350 | D:10     | Reached XP level 12. HP: 55/80 MP: 12/20
 12647 | D:10     | HP: 2/80 [death knight/+3 broad axe (24)]
 12648 | D:10     | Killed a death knight
 13202 | Lair:1   | Entered Level 1 of the Lair of Beasts
 13212 | Lair:1   | Found a transporter.
 13215 | Lair:1   | Found a transporter.
 13216 | Lair:1   | Noticed a catoblepas
 13232 | Lair:1   | Noticed a six-headed hydra
 13251 | Lair:1   | Noticed crompyre's ghost (journeyman OgHu)
 13318 | Lair:1   | HP: 3/80 [cane toad (2)]
 13319 | Lair:1   | Slain by a basilisk

Illustrated notes

Levels and vault maps discovered:
D:1:      dpeg_arrival_ratfight, layout_basic, ebering_ecumenical_altar_box,
          columned_hall_lemuel, wander_ebering_terrifying_dragon_lair
D:2:      layout_loops_cross
D:3:      layout_loops_ring, lemuel_doored_altar, minmay_overflow_temple_hex,
          serial_rivers, chequers_serial_rivers_micro_a,
          chequers_serial_rivers_micro_c, chequers_serial_rivers_micro_b,
          chequers_serial_rivers_micro_c
D:4:      layout_cave_pools, minmay_temple_entry_mist, grunt_decor_cap
D:5:      layout_basic, kennysheep_mini_moat, portal_sewer_entry_d, sigmund_army
D:6:      layout_basic, uniq_pikel
D:7:      layout_loops_ring, serial_demonic, serial_demonic_g, serial_demonic_g,
          serial_demonic_a, serial_demonic_f, uniq_joseph
D:8:      layout_basic, nzn_hepliaklqana_mist_gate
D:9:      layout_long_grid, lemuel_tele_altar, orc_david_3, serial_shops,
          nicolae_shop_stone, gammafunk_ghost_necromancy,
          kennysheep_generic_room_4, uniq_harold
D:10:     cheibrodos_fzero, layout_irregular_city, tgw_fedhas,
          mainiacjoe_overflow_six_doors_small, vehumet_crystals,
          mainiacjoe_overflow_chevrons, uniq_snorg
D:11:     dreamdust_dug_too_deep, layout_stronghold
Lair:1:   layout_cave_pods, nzn_ghost_randoct

Skill      XL: |  1  2  3  4  5  6  7  8  9 10 11 12 |
---------------+-------------------------------------+-----
Maces & Flails | 1 2 |  2.2
Dodging        | 2 3 4 5 6 7 |  7.3
Stealth        | 2 3 4 5 6 |  6.9
Fighting       | 2 3 4 5 6 |  6.7
Throwing       | 1 |  1.9
Evocations     | 4 5 6 7 |  7.0
Short Blades   | 1 3 4 |  4.9
Shields        | 1 2 3 |  3.1
Ranged Weapons | 3 4 |  4.1
Polearms       | 6 7 |  7.6
Spellcasting   | 5 6 |  6.1
Armour         | |  2.0

Action                     |  1- 3 |  4- 6 |  7- 9 | 10-12 || total
---------------------------+-------+-------+-------+-------++-------
  Melee: Club              |    15 |       |       |       ||    15
         Mace              |   105 |    96 |       |       ||   201
         Dagger            |       |    41 |   266 |       ||   307
         Punch             |       |       |     3 |     6 ||     9
         Demon trident     |       |       |    14 |   349 ||   363
   Fire: Sling             |       |       |    46 |       ||    46
  Throw: Dart              |       |     7 |     3 |       ||    10
  Evoke: Wand              |     1 |     6 |    21 |    21 ||    49
    Use: Potion            |       |     1 |     6 |     8 ||    15
         Scroll            |       |       |     6 |    10 ||    16
   Stab: Sleeping          |     4 |     4 |     3 |     4 ||    15
         Distracted        |       |       |     2 |     1 ||     3
 Armour: Leather armour    |    23 |    29 |    33 |    37 ||   122
         Skin              |       |       |     5 |       ||     5
  Dodge: Dodged            |    74 |    97 |   221 |   245 ||   637
  Block: Other             |       |       |    40 |    43 ||    83
